| TOP OF THE 1ST |
|
Atlanta Firebirds batting - Pitching for Detroit Tigers : LHP Jon Dwight
|
|
Pitching: LHP Jon Dwight
|
|
|
Batting: LHB Joe McGrath
|
0-0: Ball 1-0: Called Strike 1-1: Ball 2-1: Fly out, F9 (Line Drive, 9S, EV 92.5 MPH)
|
|
Batting: LHB Desi Godfrey
|
0-0: Fly out, F8 (Flyball, 8LM, EV 92.5 MPH)
|
|
Batting: RHB Phil Walker
|
0-0: Called Strike 0-1: Ball 1-1: Ball 2-1: Foul Ball, location: 2F 2-2: Foul Ball, location: 9LSF 2-2: Foul Ball, location: 2F 2-2: Foul Ball, location: 3F 2-2: Ball 3-2: Fly out, F8 (Line Drive, 8RS, EV 89.4 MPH)
|
| Top of the 1st over - 0 runs, 0 hits, 0 errors, 0 left on base; Atlanta 0 - Detroit 0 |
| BOTTOM OF THE 1ST |
|
Detroit Tigers batting - Pitching for Atlanta Firebirds : RHP Dave Green
|
|
Pitching: RHP Dave Green
|
|
|
Batting: RHB Orlando Arcia
|
0-0: Swinging Strike 0-1: Foul Ball, location: 9LDF 0-2: Foul Ball, location: 9LSF 0-2: Reached on error, E6 (Groundball, 56, EV 85.0 MPH)
|
|
Batting: LHB António Peña
|
0-0: Ball 1-0: Ball 2-0: Ball 3-0: Called Strike 3-1: Swinging Strike 3-2: Fielders Choice at 2nd, 6-4 (Groundball, 6, EV 80.6 MPH)
|
|
Batting: RHB José Navarro
|
0-0: Ball António Peña steals 2nd base 1-0: Ball 2-0: Called Strike 2-1: Fly out, F9 (Line Drive, 9S, EV 86.9 MPH)
|
|
Batting: LHB Raúl González
|
0-0: DOUBLE (Flyball, 8RXD, EV 107.5 MPH) António Peña scores
|
|
Batting: LHB Tad Johnson
|
0-0: Ball 1-0: Foul Ball, location: 3DF 1-1: Foul Ball, location: 25FF 1-2: Fly out, F7 (Line Drive, 7, EV 101.9 MPH)
|
| Bottom of the 1st over - 1 run, 1 hit, 1 error, 1 left on base; Atlanta 0 - Detroit 1 |
| TOP OF THE 2ND |
|
Atlanta Firebirds batting - Pitching for Detroit Tigers : LHP Jon Dwight
|
|
Batting: RHB Jim Bowers
|
0-0: Called Strike 0-1: Called Strike 0-2: Ball 1-2: Foul Ball, location: 2F 1-2: Ball 2-2: Strikes out swinging
|
|
Batting: RHB Miguel Andujar
|
0-0: Swinging Strike 0-1: Swinging Strike 0-2: Ball 1-2: Foul Ball, location: 23F 1-2: Strikes out looking
|
|
Batting: RHB Wilmer Flores
|
0-0: Called Strike 0-1: Ball 1-1: Fly out, F8 (Flyball, 8LD, EV 96.3 MPH)
|
| Top of the 2nd over - 0 runs, 0 hits, 0 errors, 0 left on base; Atlanta 0 - Detroit 1 |
| BOTTOM OF THE 2ND |
|
Detroit Tigers batting - Pitching for Atlanta Firebirds : RHP Dave Green
|
|
Batting: LHB Dan Bradley
|
0-0: Called Strike 0-1: Swinging Strike 0-2: Ball 1-2: Strikes out swinging
|
|
Batting: RHB Johandry Cortez
|
0-0: Ball 1-0: Called Strike 1-1: Foul Ball, location: 5FF 1-2: Ball 2-2: Fly out, F8 (Line Drive, 8LM, EV 93.1 MPH)
|
|
Batting: LHB Luis Guillorme
|
0-0: Ground out U3 (Groundball, 3S, EV 68.8 MPH)
|
| Bottom of the 2nd over - 0 runs, 0 hits, 0 errors, 0 left on base; Atlanta 0 - Detroit 1 |
| TOP OF THE 3RD |
|
Atlanta Firebirds batting - Pitching for Detroit Tigers : LHP Jon Dwight
|
|
Batting: RHB Jeff O'Brien
|
0-0: Ball 1-0: Ball 2-0: SINGLE (Groundball, 34D, EV 103.1 MPH)
|
|
Batting: RHB Gleyber Torres
|
0-0: Fly out, F9 (Line Drive, 9, EV 100.6 MPH)
|
|
Batting: RHB Wes Ramey
|
0-0: Swinging Strike 0-1: Foul Ball, location: 9LSF 0-2: Ball 1-2: Ball 2-2: Strikes out swinging
|
|
Batting: LHB Joe McGrath
|
0-0: Ball 1-0: SINGLE (Line Drive, 9LS, EV 89.4 MPH) Jeff O'Brien to second Runner from 2nd tries for 3rd, SAFE, throw by RF made to third
|
|
Batting: LHB Desi Godfrey
|
0-0: Fly out, F8 (Flyball, 89M, EV 89.4 MPH)
|
| Top of the 3rd over - 0 runs, 2 hits, 0 errors, 2 left on base; Atlanta 0 - Detroit 1 |
| BOTTOM OF THE 3RD |
|
Detroit Tigers batting - Pitching for Atlanta Firebirds : RHP Dave Green
|
|
Batting: RHB Johan Sala
|
0-0: Called Strike 0-1: Ball 1-1: SINGLE (Flyball, 7S, EV 94.4 MPH)
|
|
Batting: RHB Orlando Arcia
|
0-0: Called Strike Johan Sala is caught stealing 2nd base 2-4 0-1: Swinging Strike 0-2: Ball 1-2: Ball 2-2: Reached on error, E4 (Groundball, 4, EV 109.4 MPH)
|
|
Batting: LHB António Peña
|
0-0: Ball 1-0: Ball 2-0: Grounds into double play, 4-6-3 (Groundball, 4, EV 84.4 MPH)
|
| Bottom of the 3rd over - 0 runs, 1 hit, 1 error, 0 left on base; Atlanta 0 - Detroit 1 |
| TOP OF THE 4TH |
|
Atlanta Firebirds batting - Pitching for Detroit Tigers : LHP Jon Dwight
|
|
Batting: RHB Phil Walker
|
0-0: Called Strike 0-1: SINGLE (Line Drive, 8LS, EV 95.0 MPH)
|
|
Batting: RHB Jim Bowers
|
0-0: Ball 1-0: Ball 2-0: Called Strike 2-1: Called Strike 2-2: SINGLE (Line Drive, 9S, EV 96.9 MPH) Phil Walker to second
|
|
Batting: RHB Miguel Andujar
|
0-0: Foul Ball, location: 7LSF 0-1: SINGLE (Groundball, 4MD, EV 106.9 MPH) Phil Walker to third Jim Bowers to second
|
|
Batting: RHB Wilmer Flores
|
0-0: Called Strike 0-1: Swinging Strike 0-2: Ball 1-2: Ball 2-2: Ball 3-2: Foul Ball, location: 25FF 3-2: Foul Ball, location: 2F 3-2: Foul Ball, location: 2RF 3-2: Foul Ball, location: 5FF 3-2: Base on Balls Phil Walker scores Jim Bowers to third Miguel Andujar to second
|
|
Batting: RHB Jeff O'Brien
|
0-0: Swinging Strike 0-1: Swinging Strike 0-2: Strikes out looking
|
|
Batting: RHB Gleyber Torres
|
0-0: Ball 1-0: Foul Ball, location: 2F 1-1: Ball 2-1: Fly out, F8 (Flyball, 8RXD, EV 93.1 MPH) Runner from 3rd tags up, SCORES, no throw by CF Miguel Andujar to third
|
|
Batting: RHB Wes Ramey
|
0-0: Ball 1-0: Called Strike 1-1: Ball 2-1: SINGLE (Line Drive, 89S, EV 94.4 MPH) Miguel Andujar scores Wilmer Flores to second Runner from 2nd tries for 3rd, SAFE, throw by RF made to third
|
|
Batting: LHB Joe McGrath
|
0-0: Ball 1-0: Foul Ball, location: 5F 1-1: Ball 2-1: Foul Ball, location: 2F 2-2: Strikes out swinging
|
| Top of the 4th over - 3 runs, 4 hits, 0 errors, 2 left on base; Atlanta 3 - Detroit 1 |
| BOTTOM OF THE 4TH |
|
Detroit Tigers batting - Pitching for Atlanta Firebirds : RHP Dave Green
|
|
Batting: RHB José Navarro
|
0-0: Ball 1-0: SINGLE (Groundball, 4D, EV 101.9 MPH)
|
|
Batting: LHB Raúl González
|
0-0: Ball 1-0: Called Strike 1-1: Fly out, F8 (Line Drive, 8RS, EV 92.5 MPH)
|
|
Batting: LHB Tad Johnson
|
0-0: Ball 1-0: Called Strike 1-1: Foul Ball, location: 9LDF 1-2: Ball 2-2: SINGLE (Line Drive, 9S, EV 97.5 MPH) José Navarro to second Runner from 2nd tries for 3rd, SAFE, throw by RF made to third
|
|
Batting: LHB Dan Bradley
|
0-0: Called Strike 0-1: Swinging Strike 0-2: Ball 1-2: Hit by Pitch Tad Johnson to second
|
|
Pinch Runner at 1st Al O'Mullan:
|
|
|
Batting: RHB Johandry Cortez
|
0-0: Foul Ball, location: 2F 0-1: Foul Ball, location: 2F 0-2: Ball 1-2: Ball 2-2: Foul Ball, location: 9LMF 2-2: Ball 3-2: Foul Ball, location: 2F 3-2: Grounds into double play, 3-2-3 (Groundball, 34S, EV 69.4 MPH)
|
| Bottom of the 4th over - 0 runs, 2 hits, 0 errors, 2 left on base; Atlanta 3 - Detroit 1 |
| TOP OF THE 5TH |
|
Atlanta Firebirds batting - Pitching for Detroit Tigers : LHP Jon Dwight
|
|
Now at 1B: José Navarro
|
|
|
Now at 3B: Al O'Mullan
|
|
|
Batting: LHB Desi Godfrey
|
0-0: Ball 1-0: Foul Ball, location: 3FF 1-1: Fly out, F8 (Flyball, 8RD, EV 100.0 MPH)
|
|
Batting: RHB Phil Walker
|
0-0: Called Strike 0-1: Foul Ball, location: 3SF 0-2: Ball 1-2: Fly out, F8 (Line Drive, 8LM, EV 103.1 MPH)
|
|
Batting: RHB Jim Bowers
|
0-0: Swinging Strike 0-1: Ball 1-1: Ground out 4-3 (Groundball, 4S, EV 87.5 MPH)
|
| Top of the 5th over - 0 runs, 0 hits, 0 errors, 0 left on base; Atlanta 3 - Detroit 1 |
| BOTTOM OF THE 5TH |
|
Detroit Tigers batting - Pitching for Atlanta Firebirds : RHP Dave Green
|
|
Batting: LHB Luis Guillorme
|
0-0: Called Strike 0-1: Swinging Strike 0-2: Foul Ball, location: 25F 0-2: Foul Ball, location: 5F 0-2: Ball 1-2: Fly out, F8 (Flyball, 89D, EV 106.9 MPH)
|
|
Batting: RHB Johan Sala
|
0-0: SINGLE (Line Drive, 6MD, EV 95.0 MPH)
|
|
Batting: RHB Orlando Arcia
|
0-0: Ball Johan Sala steals 2nd base (no throw) 1-0: Ball 2-0: DOUBLE (Groundball, 5L, EV 98.1 MPH) Johan Sala scores
|
|
Batting: LHB António Peña
|
0-0: Ball 1-0: Swinging Strike 1-1: Ground out 6-3 (Groundball, 6M, EV 89.4 MPH) Orlando Arcia to third
|
|
Batting: RHB José Navarro
|
0-0: Ground out 3-1 (Groundball, 34, EV 83.8 MPH)
|
| Bottom of the 5th over - 1 run, 2 hits, 0 errors, 1 left on base; Atlanta 3 - Detroit 2 |
| TOP OF THE 6TH |
|
Atlanta Firebirds batting - Pitching for Detroit Tigers : LHP Jon Dwight
|
|
Batting: RHB Miguel Andujar
|
0-0: Ball 1-0: Ground out 6-3 (Groundball, 6, EV 77.5 MPH)
|
|
Batting: RHB Wilmer Flores
|
0-0: Called Strike 0-1: Swinging Strike 0-2: Strikes out looking
|
|
Batting: RHB Jeff O'Brien
|
0-0: Called Strike 0-1: Ball 1-1: Called Strike 1-2: Ground out 6-3 (Groundball, 6, EV 101.3 MPH)
|
| Top of the 6th over - 0 runs, 0 hits, 0 errors, 0 left on base; Atlanta 3 - Detroit 2 |
| BOTTOM OF THE 6TH |
|
Detroit Tigers batting - Pitching for Atlanta Firebirds : RHP Dave Green
|
|
Batting: LHB Raúl González
|
0-0: Ball 1-0: Swinging Strike 1-1: Foul Ball, location: 2F 1-2: SINGLE (Groundball, 4MD, EV 96.3 MPH)
|
|
Batting: LHB Tad Johnson
|
0-0: Ball 1-0: Ball 2-0: Foul Ball, location: 2F 2-1: Foul Ball, location: 3DF 2-2: 2-RUN HOME RUN (Flyball, 89XD, EV 95.6 MPH), Distance : 372 ft
|
|
Batting: RHB Al O'Mullan
|
0-0: Ground out 3-1 (Groundball, 34, EV 103.1 MPH)
|
|
Batting: RHB Johandry Cortez
|
0-0: Ball 1-0: Foul Ball, location: 9LDF 1-1: Ball 2-1: Foul Ball, location: 5DF 2-2: Ball 3-2: Fly out, F9 (Flyball, 9, EV 93.8 MPH)
|
|
Batting: LHB Luis Guillorme
|
0-0: Ball 1-0: Foul Ball, location: 2RF 1-1: Foul Ball, location: 2F 1-2: Foul Ball, location: 2F 1-2: Ball 2-2: Ball 3-2: Foul Ball, location: 5F 3-2: Base on Balls
|
|
Batting: RHB Johan Sala
|
0-0: Called Strike 0-1: Ball 1-1: Swinging Strike 1-2: Strikes out swinging
|
| Bottom of the 6th over - 2 runs, 2 hits, 0 errors, 1 left on base; Atlanta 3 - Detroit 4 |
| TOP OF THE 7TH |
|
Atlanta Firebirds batting - Pitching for Detroit Tigers : LHP Jon Dwight
|
|
Pitching: LHP Jose Quijada
|
|
|
Now at C: Austin Hedges
|
|
|
Now in LF: Raúl González
|
|
|
Now in RF: Chris Welch
|
|
|
Batting: RHB Gleyber Torres
|
0-0: Ball 1-0: Ball 2-0: Ball 3-0: Called Strike 3-1: Called Strike 3-2: Base on Balls
|
|
Batting: RHB Wes Ramey
|
0-0: Ball 1-0: Sac Bunt to 23 - play at first, batter OUT! 3-4 Gleyber Torres to second
|
|
Pinch Hitting: RHB Clarence Shelton
|
0-0: Called Strike 0-1: Ball 1-1: Ground out 6-3 (Groundball, 6S, EV 64.4 MPH) Gleyber Torres to third
|
|
Batting: RHB Rocky Edwards
|
0-0: Called Strike 0-1: SINGLE (Line Drive, 7LS, EV 90.0 MPH) Gleyber Torres scores
|
|
Batting: RHB Phil Walker
|
0-0: Ball 1-0: Foul Ball, location: 9LDF 1-1: Called Strike 1-2: SINGLE (Line Drive, 78S, EV 106.9 MPH) Rocky Edwards to second
|
|
Pitching: RHP Hugh Owens
|
|
|
Batting: RHB Jim Bowers
|
0-0: Ball 1-0: Called Strike 1-1: Called Strike 1-2: Strikes out swinging
|
| Top of the 7th over - 1 run, 2 hits, 0 errors, 2 left on base; Atlanta 4 - Detroit 4 |
| BOTTOM OF THE 7TH |
|
Detroit Tigers batting - Pitching for Atlanta Firebirds : RHP Dave Green
|
|
Pitching: RHP Carlos A. Lopez
|
|
|
Now in RF: Lou Brown
|
|
|
Batting: RHB Orlando Arcia
|
0-0: Called Strike 0-1: Called Strike 0-2: Ball 1-2: Ball 2-2: Fly out, F5 (Popup, 5SF, EV 80.6 MPH)
|
|
Batting: LHB António Peña
|
0-0: Ball 1-0: Ball 2-0: Called Strike 2-1: Ball 3-1: Foul Ball, location: 2F 3-2: Ground out U3 (Groundball, 3S, EV 78.8 MPH)
|
|
Batting: RHB José Navarro
|
0-0: Ball 1-0: Ball 2-0: Ball 3-0: Called Strike 3-1: Called Strike 3-2: Foul Ball, location: 2F 3-2: SINGLE (Line Drive, 78S, EV 86.9 MPH)
|
|
Batting: LHB Raúl González
|
0-0: Called Strike 0-1: Called Strike 0-2: Strikes out looking
|
| Bottom of the 7th over - 0 runs, 1 hit, 0 errors, 1 left on base; Atlanta 4 - Detroit 4 |
| TOP OF THE 8TH |
|
Atlanta Firebirds batting - Pitching for Detroit Tigers : RHP Hugh Owens
|
|
Batting: RHB Miguel Andujar
|
0-0: Ball 1-0: Ball 2-0: Swinging Strike 2-1: Foul Ball, location: 2F 2-2: Foul Ball, location: 9LSF 2-2: Strikes out looking
|
|
Pinch Hitting: LHB Luis Herta
|
0-0: Foul Ball, location: 2F 0-1: Foul Ball, location: 7LDF 0-2: Ball 1-2: Foul Ball, location: 2F 1-2: Foul Ball, location: 2F 1-2: Ball 2-2: Ball 3-2: Foul Ball, location: 9LMF 3-2: Base on Balls
|
|
Batting: RHB Jeff O'Brien
|
0-0: Ball 1-0: Foul Ball, location: 3DF 1-1: Ground out 4-3 (Groundball, 4, EV 103.8 MPH) Luis Herta to second
|
|
Batting: RHB Gleyber Torres
|
0-0: Swinging Strike 0-1: Called Strike 0-2: Ball 1-2: Strikes out swinging
|
| Top of the 8th over - 0 runs, 0 hits, 0 errors, 1 left on base; Atlanta 4 - Detroit 4 |
| BOTTOM OF THE 8TH |
|
Detroit Tigers batting - Pitching for Atlanta Firebirds : RHP Carlos A. Lopez
|
|
Pitching: RHP Joel Nelson
|
|
|
Now at 1B: Luis Herta
|
|
|
Pinch Hitting: LHB Mauro Orama
|
0-0: Ball 1-0: Called Strike 1-1: Ball 2-1: Ground out 6-3 (Groundball, 6M, EV 94.4 MPH)
|
|
Batting: RHB Al O'Mullan
|
0-0: Foul Ball, location: 3DF 0-1: Foul Ball, location: 3FF 0-2: Fly out, F8 (Line Drive, 8LS, EV 95.0 MPH)
|
|
Batting: RHB Austin Hedges
|
0-0: Ball 1-0: SINGLE (Line Drive, 6D, EV 96.3 MPH)
|
|
Batting: LHB Luis Guillorme
|
0-0: Ball 1-0: Foul Ball, location: 2F 1-1: Ball 2-1: Foul Ball, location: 7LSF 2-2: Ball 3-2: Ground out 6-3 (Groundball, 6, EV 86.9 MPH)
|
| Bottom of the 8th over - 0 runs, 1 hit, 0 errors, 1 left on base; Atlanta 4 - Detroit 4 |
| TOP OF THE 9TH |
|
Atlanta Firebirds batting - Pitching for Detroit Tigers : RHP Hugh Owens
|
|
Pitching: LHP Clarence Rice
|
|
|
Now in RF: Mauro Orama
|
|
|
Batting: RHB Wes Ramey
|
0-0: Ground out 2-3 (Groundball, 15S, EV 72.5 MPH)
|
|
Batting: LHB Lou Brown
|
0-0: Ball 1-0: Called Strike 1-1: Ball 2-1: Foul Ball, location: 7LSF 2-2: Ball 3-2: Foul Ball, location: 3DF 3-2: Strikes out swinging
|
|
Batting: RHB Rocky Edwards
|
0-0: Ball 1-0: Ball 2-0: Foul Ball, location: 2F 2-1: Ball 3-1: Called Strike 3-2: Strikes out looking
|
| Top of the 9th over - 0 runs, 0 hits, 0 errors, 0 left on base; Atlanta 4 - Detroit 4 |
| BOTTOM OF THE 9TH |
|
Detroit Tigers batting - Pitching for Atlanta Firebirds : RHP Joel Nelson
|
|
Pitching: RHP Rudy Thomas
|
|
|
Batting: RHB Johan Sala
|
0-0: Ball 1-0: Ball 2-0: Called Strike 2-1: Ground out 3-1 (Groundball, 34, EV 85.0 MPH)
|
|
Batting: RHB Orlando Arcia
|
0-0: Called Strike 0-1: Foul Ball, location: 3F 0-2: Strikes out looking
|
|
Batting: LHB António Peña
|
0-0: Called Strike 0-1: Ball 1-1: Foul Ball, location: 5F 1-2: Foul Ball, location: 3FF 1-2: SINGLE (Line Drive, 9LM, EV 95.0 MPH)
|
|
Batting: RHB José Navarro
|
0-0: Called Strike 0-1: Ball 1-1: Reached on error, E5 (Groundball, 56, EV 81.9 MPH) António Peña to second
|
|
Pitching: LHP Bobby Moore
|
|
|
Pinch Hitting: RHB Jimmy O'Molloy
|
0-0: Ball 1-0: SINGLE (Line Drive, 78S, EV 110.0 MPH) António Peña to third José Navarro to second Runner from 3rd tries for Home, SAFE, throw by LF to home
|
| Bottom of the 9th over - 1 run, 2 hits, 1 error, 2 left on base; Atlanta 4 - Detroit 5 |
|